 Dungeon Crawl Stone Soup version 0.30-a0-354-g6b83867211 (webtiles) character file.

Game seed: 16518873756245273853

2561 ytrimaz the Carver (level 9, -1/64 HPs)
             Began as a Formicid Fighter on Nov 7, 2022.
             Slain by a vampire
             ... wielding a +0 vampiric halberd
              (18 damage)
             ... in a bailey.
             The game lasted 00:06:05 (6852 turns).

ytrimaz the Carver (Formicid Fighter)               Turns: 6852, Time: 00:06:05

Health: -1/64      AC: 11    Str: 21    XL:     9   Next: 87%
Magic:  3/3        EV:  9    Int:  8    God:
Gold:   412        SH:  6    Dex: 21    Spells: 8/8 levels left

rFire   + . .      SeeInvis +    e - +10 falchion of Gozag's Outrage {antimagic, rPois rF+ Dex+4}
rCold   . . .      Faith    .    c - +0 buckler
rNeg    . . .      Spirit   .    l - +2 scale mail {Will+}
rPois   +          Reflect  .    (helmet unavailable)
rElec   .          Harm     .    (no cloak)
rCorr   .          Rampage  .    (no gloves)
Will    +....                    n - +1 pair of boots
Stlth   ..........               (no amulet)
HPRegen 0.30/turn                (no ring)
MPRegen 0.08/turn                (no ring)

@: mighty
A: permanent stasis, dig shafts and tunnels, antennae 3, four strong arms
a: Dig


You were in a bailey.
You visited 1 branch of the dungeon, and saw 7 of its levels.
You also visited: Bailey.

You collected 412 gold pieces.


Innate Abilities, Weirdness & Mutations

You cannot be hasted, slowed, berserked, paralysed or teleported.
You can dig through walls and to a lower floor.
You have a pair of large antennae on your head. (SInv)
Your four strong arms can wield two-handed weapons with a shield.


   Skills:
 - Level 3.2 Fighting
 + Level 12.7 Long Blades
 - Level 3.2 Armour
 - Level 4.0 Shields


You had 8 spell levels left.
You didn't know any spells.
Your spell library contained the following spells:

 Spells                   Type           Power      Damage    Failure   Level
 Cigotuvi's Dreadful Rot  Necr/Pois/Air  0%         N/A       91%         2
 Poisonous Vapours        Pois/Air       0%         N/A       91%         2
 Gell's Gravitas          Tloc           0%         N/A       99%         3
 Inner Flame              Hex/Fire       0%         N/A       99%         3
 Mephitic Cloud           Conj/Pois/Air  0%         N/A       99%         3
 Teleport Other           Tloc           0%         N/A       99%         3
 Flame Wave               Conj/Fire      0%         2d4       100%        4
 Sticky Flame             Conj/Fire      0%         2d3       100%        4
 Dispersal                Tloc           0%         N/A       100%        6

Inventory:

Hand Weapons
 a - a +0 long sword of flaming
 e - the +10 falchion of Gozag's Outrage (weapon) {antimagic, rPois rF+ Dex+4}
   (You found it on level 4 of the Dungeon)

   It reduces the magical energy of the wielder, and disrupts the spells and
   magical abilities of those it strikes.
   Natural abilities and divine invocations are not affected.
   Dex:       It affects your dexterity (+4).
   rF:        It protects you from fire.
   rPois:     It protects you from poison.
Missiles
 g - 5 boomerangs
Armour
 c - a +0 buckler (worn)
 l - a +2 scale mail of willpower (worn)
   (You found it in a bailey)
 n - a +1 pair of boots (worn)
   (You found it on level 3 of the Dungeon)
Wands
 j - a wand of paralysis (3)
   (You took it off Ijyb on level 3 of the Dungeon)
 q - a wand of light (4)
   (You found it on level 5 of the Dungeon)
Scrolls
 m - a scroll of vulnerability
 o - a scroll of magic mapping
 r - a scroll of acquirement
Potions
 d - a potion of might
 f - a potion of haste
 h - 4 potions of curing
 i - 2 potions of flight
 k - 2 potions of cancellation {unknown}
 p - a potion of mutation {unknown}

Dungeon Overview and Level Annotations

Branches:
Dungeon (7/15) Zot: 26977  Bailey (1/1) Zot: 5431
 Temple: D:4-7

Altars:

Annotations:
D:4 1 runed translucent door, Bediveer's ghost, amateur DrTm
D:5 2 runed translucent doors, ytrimaz's ghost, novice FoFi

..........##...#..#
..♣......##....#..#
.....♣...#....##..#
♣...♣.♣.##..)##...#
....♣....##.).)..8#
...♣......##....######
..........
#...##....##
..........
#..##.....[#
...)...♣♣. #..#.@V#
.......... #.)'..##
#'##...... #..'..#
#..#####.. #..#...#
#.)')÷.# #..##.....
####÷.÷# ######...8#
#÷.[# ##### #####


You could see a vampire (magic disrupted).


Message History

No target in view!
No target in view!
No target in view!
No target in view!
No target in view!
No target in view!
You sense a monster nearby.
You see here a +0 spear. 😎 HP[+1]
Your hp is fully restored (64).
You see here a +0 spear.
A gargoyle comes into view. It is wielding a +0 flail.
A gargoyle is nearby!
A gargoyle is nearby!
The gargoyle hurls a stone arrow at you.
The stone arrow misses you.
You hit the gargoyle but do no damage.
Unknown command.
You hit the gargoyle.
The gargoyle hurls a stone arrow at you.
The stone arrow hits you! 😕 HP[-10]
You take 10 damage, and now have 54/64 hp.
You hit the gargoyle but do no damage.
The gargoyle hits you but does no damage.
Unknown command.
You hit the gargoyle.
The gargoyle barely misses you. 😕 HP[+1]
You hit the gargoyle.
Unknown command.
You hit the gargoyle. The gargoyle closely misses you.
You slice the gargoyle!!
You destroy the gargoyle!
Unknown command.
You see here a +0 flail. 😕 HP[+1]
You see here a +0 flail.
You open the large door.
A vampire comes into view.
It is wielding a +0 vampiric halberd. 😎 HP[+8]
Your hp is fully restored (64).
A vampire is nearby!
A vampire is nearby!
There is a large open door here.
You block the vampire's attack. The vampire bites you!
The vampire draws strength from your injuries! 😕 HP[-11]
You take 11 damage, and now have 53/64 hp.
You hit the vampire.
The vampire's magic leaks into the air.
You barely miss the vampire. The vampire barely misses you.
The vampire bites you but does no damage.
You hit the vampire but do no damage.
The vampire's magic is no longer disrupted.
The vampire barely misses you.
The vampire bites you but does no damage. 😕 HP[+1] Unknown command.
You hit the vampire but do no damage.
The vampire hits you with a +0 vampiric halberd!
The vampire draws strength from your wounds!
The vampire bites you but does no damage. 😮 HP[-8]
You take 8 damage, and now have 46/64 hp.
Unknown command.
You slash the vampire!
The vampire's magic leaks into the air.
You hit the vampire but do no damage.
The vampire hits you with a +0 vampiric halberd!
The vampire draws strength from your wounds!
The vampire barely misses you. 😮 HP[-10]
You take 10 damage, and now have 36/64 hp.
Unknown command.
You hit the vampire but do no damage. You block the vampire's attack.
The vampire completely misses you. 😮 HP[+1]
You hit the vampire.
The vampire's magic leaks into the air.
Unknown command.
You hit the vampire but do no damage.
The vampire hits you with a +0 vampiric halberd!
* * * LOW HITPOINT WARNING * * *
The vampire draws strength from your wounds!
The vampire bites you but does no damage. 😨 HP[-13]
You take 13 damage, and now have 24/64 hp.
MASSIVE DAMAGE!! (PAUSE)
You feel very mighty all of a sudden.
The vampire hits you with a +0 vampiric halberd!
* * * LOW HITPOINT WARNING * * *
The vampire draws strength from your wounds!
The vampire bites you but does no damage. 😱 HP[-13]
You take 13 damage, and now have 11/64 hp.
MASSIVE DAMAGE!! (PAUSE)
You feel better.
The vampire falters for a moment. 😨 HP[+6]
You regained 6 hp, and now have 17/64 hp.
Unknown command.
You hit the vampire.
The vampire's magic leaks into the air.
The vampire hits you with a +0 vampiric halberd!!
You die...

Skill      XL: |  1  2  3  4  5  6  7  8  9 |
---------------+----------------------------+-----
Long Blades    | 3 4 5 7 8 10 12 | 12.7
Fighting       | |  3.2
Armour         | |  3.2
Shields        | |  4.0

Action                   |  1- 3 |  4- 6 |  7- 9 || total
-------------------------+-------+-------+-------++-------
Melee: Long sword        |    75 |   128 |       ||   203
       Falchion          |       |    23 |   227 ||   250
 Abil: Dig               |       |       |     1 ||     1
  Use: Scroll            |     5 |     3 |     5 ||    13
       Potion            |       |       |     2 ||     2
Armor: Scale mail        |    27 |    61 |    93 ||   181
Dodge: Dodged            |    26 |    66 |    82 ||   174
Block: Buckler           |    12 |    40 |    58 ||   110

Levels and vault maps discovered:
D:1:      minmay_arrival_glassed_features, layout_basic, minmay_pentomino_w4
D:2:      layout_basic, basic_ecumenical_altar
D:3:      layout_loops_corners, minmay_goblin_kobold_house, uniq_ijyb,
          uniq_natasha, uniq_robin
D:4:      layout_basic, hellmonk_ghost_happy_afterlife
D:5:      layout_basic, ebering_ghost_sewer_f, uniq_duvessa, uniq_menkaure
D:6:      layout_layer_cave
D:7:      layout_basic, minmay_temple_entry_hall, enter_bailey_6, uniq_pikel
Bailey:   bailey_polearm_vampire_castle_hellmonk, bailey

Notes
Turn   | Place    | Note
-------+----------+-------------------------------------------
     0 | D:1      | ytrimaz the Formicid Fighter began the quest for the Orb.
     0 | D:1      | Reached XP level 1. HP: 18/18 MP: 1/1
     0 | D:1      | magus.rc [v1.9.6]
   218 | D:1      | Reached XP level 2. HP: 23/24 MP: 2/2
   323 | D:1      | Reached skill level 3 in Long Blades
   549 | D:1      | Reached XP level 3. HP: 26/29 MP: 3/3
   992 | D:2      | Found a faded altar of an unknown god.
  1313 | D:2      | You pick up a book of Flames and begin reading...
  1313 | D:2      | You add the spells Inner Flame, Sticky Flame and Flame Wave
                  | to your library.
  1440 | D:2      | You fall into a shaft and drop 1 floor!
  1740 | D:2      | Reached skill level 4 in Long Blades
  1740 | D:2      | Reached XP level 4. HP: 27/35 MP: 4/4
  1975 | D:3      | You add the spells Gell's Gravitas, Teleport Other and
                  | Dispersal to your library.
  2040 | D:3      | Noticed Natasha
  2046 | D:3      | Killed Natasha
  2336 | D:3      | Noticed Ijyb
  2365 | D:3      | Killed Ijyb
  2366 | D:3      | Reached skill level 5 in Long Blades
  2366 | D:3      | Reached XP level 5. HP: 28/41 MP: 5/5
  2684 | D:3      | Noticed Natasha
  2690 | D:3      | Killed Natasha
  2924 | D:4      | Noticed Bediveer's ghost (amateur DrTm)
  2926 | D:4      | Found a runed translucent door.
  2948 | D:4      | You pick up a book of Vapours and begin reading...
  2948 | D:4      | You add the spells Poisonous Vapours, Cigotuvi's Dreadful
                  | Rot and Mephitic Cloud to your library.
  2957 | D:4      | Identified the +3 robe of Hafosuc {rPois Str+3 Int-4 Dex+4}
  3136 | D:4      | Identified the +10 falchion of Gozag's Outrage {antimagic,
                  | rPois rF+ Dex+4}
  3339 | D:4      | Reached XP level 6. HP: 44/47 MP: 2/6
  3579 | D:5      | Entered Level 5 of the Dungeon
  3611 | D:5      | Reached skill level 6 in Long Blades
  3803 | D:5      | Reached skill level 7 in Long Blades
  3803 | D:5      | Reached XP level 7. HP: 51/52 MP: 2/7
  3814 | D:5      | Noticed Dowan
  3854 | D:5      | Noticed Duvessa
  3866 | D:5      | HP: 13/52 [Dowan/+1 dagger of electrocution (2)]
  4330 | D:5      | Killed Duvessa
  4335 | D:5      | Killed Dowan
  4336 | D:5      | Reached skill level 8 in Long Blades
  4399 | D:5      | Noticed Menkaure
  4404 | D:5      | Killed Menkaure
  4405 | D:5      | Reached XP level 8. HP: 53/58 MP: 2/8
  4583 | D:5      | Reached skill level 9 in Long Blades
  4832 | D:5      | Found a runed translucent door.
  4833 | D:5      | Noticed ytrimaz's ghost (novice FoFi)
  4848 | D:5      | Found a runed translucent door.
  5170 | D:6      | Reached skill level 10 in Long Blades
  5467 | D:6      | Reached XP level 9. HP: 36/64 MP: 3/9
  5790 | D:6      | Reached skill level 11 in Long Blades
  6231 | D:7      | Found a flagged portal.
  6250 | D:7      | Identified a scroll of acquirement
  6254 | Bailey   | Entered a bailey
  6317 | Bailey   | HP: 15/64 [orc warrior zombie/+0 halberd (9)]
  6319 | Bailey   | HP: 3/64 [orc warrior zombie/+0 halberd (12)]
  6752 | Bailey   | Reached skill level 12 in Long Blades
  6797 | Bailey   | Noticed a gargoyle
  6807 | Bailey   | Killed a gargoyle
  6850 | Bailey   | HP: 11/64 [vampire/+0 vampiric halberd (13)]
  6852 | Bailey   | Slain by a vampire

Vanquished Creatures
  A gargoyle (Bailey)
  Menkaure (D:5)
  A water moccasin (D:6)
  Duvessa (D:5)
  An ice beast (D:6)
  2 phantoms
  7 scorpions
  Dowan (D:5)
  7 vampire bats (Bailey)
  9 wolf zombies (Bailey)
  A gnoll bouda (D:6)
  4 hounds
  2 jellies (D:5)
  An iguana (D:5)
  Ijyb (D:3)
  Natasha (twice) (D:3)
  10 gnolls
  8 adders
  2 shadow imps
  2 white imps
  A worm (D:2)
  4 dart slugs
  4 orcs (D:6)
  3 ball pythons
  3 bats (D:3)
  6 endoplasms
  3 giant cockroaches
  11 goblins
  13 hobgoblins
  2 jackals (D:4)
  5 kobolds
  2 quokkas
  4 frilled lizards
  15 orc zombies (Bailey)
  3 rats
143 creatures vanquished.

Table legend:
 A = Non-vault XP
 B = Vault XP
 C = Vault XP percentage of total XP
 D = Non-vault monster count
 E = Vault monster count
 F = Vault count percentage of total count
                 A         B        C        D         E       F
            +---------+---------+-------+---------+---------+-------
      Total |    1831 |    1828 |  50.0 |      90 |      53 |  37.1
            +---------+---------+-------+---------+---------+-------
        D:1 |      33 |      11 |  25.0 |      17 |       5 |  22.7
        D:2 |      28 |       0 |   0.0 |       9 |       0 |   0.0
        D:3 |      76 |      91 |  54.5 |      15 |      13 |  46.4
        D:4 |      39 |       0 |   0.0 |       8 |       0 |   0.0
        D:5 |     827 |     371 |  31.0 |      19 |       3 |  13.6
        D:6 |     828 |       0 |   0.0 |      22 |       0 |   0.0
     Bailey |       0 |    1355 | 100.0 |       0 |      32 | 100.0
            +---------+---------+-------+---------+---------+-------

Illustrated notes

Table legend:
 A = Kills in this place as a percentage of kills in entire the game.
 B = Kills by you in this place as a percentage of kills by you in the entire game.
 C = Kills by friends in this place as a percentage of kills by friends in the entire game.
 D = Other kills in this place as a percentage of other kills in the entire game.
 E = Experience gained in this place as a percentage of experience gained in the entire game.
 F = Experience gained in this place divided by the number of levels of this place that you have seen.
                   A       B       C       D       E      F
               +-------+-------+-------+-------+-------+----------------------
         Total | 100.0 | 100.0 |   N/A |   N/A | 100.0 | 457.4
       Dungeon |  77.6 |  77.6 |   N/A |   N/A |  63.0 | 329.1
        Bailey |  22.4 |  22.4 |   N/A |   N/A |  37.0 | 1355.0
               +-------+-------+-------+-------+-------+----------------------

Table legend: (Time is in decaauts)
 A = Elapsed time spent in this place.
 B = Non-inter-level travel time spent in this place.
 C = Inter-level travel time spent in this place.
 D = Time resting spent in this place.
 E = Time spent auto-exploring this place.
 F = Levels seen in this place.
 G = Mean time per level.
                   A        B        C        D        E       F      G
               +--------+--------+--------+--------+--------+-----+--------+
         Total |   6853 |   6628 |    225 |    570 |   4952 |   8 |  856.6 |
       Dungeon |   6285 |   6060 |    225 |    373 |   4762 |   7 |  897.9 |
        Bailey |    568 |    568 |      0 |    197 |    190 |   1 |  568.0 |
               +--------+--------+--------+--------+--------+-----+--------+

Top non-repeatable levels by time:
     D:3: 1171 daAuts
     D:4: 1144 daAuts
     D:5: 1138 daAuts
     D:6: 1134 daAuts
     D:1: 891 daAuts
     D:2: 782 daAuts
  Bailey: 568 daAuts
     D:7: 22 daAuts
